 Dungeon Crawl Stone Soup version 0.31-a0-117-g42d8f58691 (webtiles) character file.

Game seed: 13994423559003511012

370 MackTheKnife the Cutter (level 6, 0/32 HPs)
             Began as a Vine Stalker Berserker on May 30, 2023.
             Was a Follower of Trog.
             Succumbed to an orc wizard's poison
             ... on level 5 of the Dungeon.
             The game lasted 00:03:10 (772 turns).

MackTheKnife the Cutter (Vine Stalker Berserker)     Turns: 772, Time: 00:03:11

Health: 0/32       AC:  7    Str: 19    XL:     6   Next: 70%
Magic:  6/7        EV: 11    Int:  7    God:    Trog [*.....]
Gold:   77         SH:  0    Dex: 16    Spells: 5/5 levels left

rFire   . . .        a - +0 short sword {short}
rCold   . . .        (no shield)
rNeg    . . .        l - +0 ring mail
rPois   .            f - +1 helmet
rElec   .            (no cloak)
rCorr   .            (no gloves)
SInv    .            (no boots)
Will    .....        (no amulet)
Stlth   +            (no ring)
HPRegen 1.05/turn    (no ring)
MPRegen 0.10/turn

%: guardian spirit
@: lethally poisoned (0 -> -8), on berserk cooldown, slowed, very slow
A: fangs 2, regeneration 1, magic shield, antimagic bite, no potion heal 2
a: Renounce Religion, Berserk


You were on level 5 of the Dungeon.
You worshipped Trog.
Trog was aware of your devotion.
You visited 1 branch of the dungeon, and saw 5 of its levels.

You collected 77 gold pieces.


Innate Abilities, Weirdness & Mutations

You have extremely sharp teeth.
Your natural rate of healing is unusually fast.
When hurt, damage is shared between your health and your magic reserves.
Your bite disrupts and absorbs the magic of your enemies.
Potions cannot restore your health.


   Skills:
 - Level 2.6 Fighting
 + Level 6.7 Short Blades
 - Level 1.5 Armour
 - Level 1.5 Dodging


You had 5 spell levels left.
You didn't know any spells.
Your spell library was empty.

Inventory:

Hand Weapons
 a - a +0 short sword (weapon) {short}
Missiles
 h - 15 poisoned darts (quivered) {throwing}
Armour
 b - a +0 animal skin
 f - a +1 helmet (worn)
   (You found it on level 1 of the Dungeon)
 l - a +0 ring mail (worn)
   (You took it off an orc on level 3 of the Dungeon)
Wands
 o - a wand of polymorph (13)
   (You found it on level 4 of the Dungeon)
Scrolls
 g - a scroll of butterflies {unknown}
 j - 2 scrolls of magic mapping {unknown}
 k - a scroll of teleportation {unknown}
 m - a scroll of noise {unknown}
 q - a scroll of amnesia {unknown}
Potions
 c - a potion of curing {@q1}
 d - 2 potions of brilliance {unknown}
 e - a potion of heal wounds {unknown}
 i - a potion of invisibility {unknown}
 n - a potion of attraction {unknown}
 p - a potion of haste {unknown}

Dungeon Overview and Level Annotations

Branches:
Dungeon (5/15) Zot: 26938
 Temple: D:4-7

Altars:

#. .## #.#
...# .>.
#..# ##.#
#..# ...
#..# #.#
#..#
#.#####.#
#os†@...#
#.{####.#
#..# #.#
#.##..#
#.#
#.....#
#.#
####$##
#.#
#.#####.#
..##....#
...##.####


You could see a scorpion and an orc.


Message History

You feel yourself moving faster!
You feel mighty! The black bear closely misses you. The black bear claws you.
* * * LOW HITPOINT WARNING * * *
The black bear claws you but does no damage.
You now have 40 max hp (+13).
You closely miss the black bear. The black bear misses you. x2
The black bear claws you.
* * * LOW HITPOINT WARNING * * *
😱 HP[-1]
You take 1 damage, and now have 4/40 hp.
You puncture the black bear!
You kill the black bear!
Trog accepts your kill.
A hound comes into view.
You have reached level 6! 😱 HP[+2]
You now have 48 max hp (+8).
You regained 2 hp, and now have 6/48 hp.
You puncture the hound! You bite the hound. You drain its power.
You feel invigorated. 😱 MP[+3]
You regained 3 mp, and now have 3/7 mp.
You hit the hound.
You kill the hound!
Trog accepts your kill.
Your Short Blades skill increases to level 6! 😱 HP[+1]
You puncture the scorpion! Your bite misses the scorpion.
You puncture the scorpion! You bite the scorpion.
You kill the scorpion!
Trog accepts your kill. 😱 HP[+1]
You barely miss the hound. You bite the hound. You drain its power.
You feel invigorated. 😱 MP[+2]
You regained 2 mp, and now have 5/7 mp.
You hit the hound. Your bite misses the hound.
The hound bites you but does no damage.
An orc wizard comes into view.
It is wielding a +0 dagger. 😱 HP[+1] MP[+1]
You puncture the hound! Your punch misses the hound.
The hound bites you but does no damage.
You puncture the hound!
You kill the hound!
Trog accepts your kill.
You hear some strange, mumbled words.
Something tries to affect you, but you resist. 😱 HP[+1]
The scorpion stings you.
* * * LOW HITPOINT WARNING * * *
You are poisoned.
The scorpion poisons you!
Things that are here:
a hound corpse; a scorpion corpse; a hound corpse 😱 HP[-3] MP[-2]
You take 3 damage, and now have 7/48 hp.
You lost 2 mp, and now have 4/7 mp.
You completely miss something. Your bite misses something.
You feel sick.
An orc comes into view. It is wielding a +0 mace.
The scorpion misses you.
You barely miss the orc wizard.
You feel sick. 😱 HP[-1]
You take 1 damage, and now have 6/48 hp.
You hit the orc wizard. You bite the orc wizard.
The orc wizard's magic leaks into the air.
You drain its magic.
You feel invigorated.
You feel sick.
The scorpion closely misses you. 😱 MP[+3]
Your mp is fully restored (7).
You barely miss the scorpion. You bite the scorpion. You drain its power.
You hit the orc wizard but do no damage.
You feel sick. The scorpion barely misses you.
The orc wizard hits you but does no damage.
You puncture the orc wizard!
You kill the orc wizard!
Trog accepts your kill.
Trog appreciates your killing of a magic user.
You are no longer berserk.
You are exhausted.
You feel yourself slow down.
You feel sick. 😱 HP[-3]
You now have 32 max hp (-16).
You hit the scorpion.
You feel sick. The scorpion misses you.
The scorpion stings you but does no damage.
Unknown command.
It was a potion of curing.
Your system rejects the healing.
You feel better.
You hear some strange, mumbled words.
A magic dart appears from out of thin air!
The magic dart hits you but does no damage.
The scorpion barely misses you. Something hits you but does no damage.
You are poisoned. 😱 HP[+2]
You regained 2 hp, and now have 5/32 hp.
The scorpion attacks as you move away! The scorpion stings you.
* * * LOW HITPOINT WARNING * * *
Something hits you.
You are lethally poisoned!
The sentinel's mark upon you fades away.
You die...

Skill      XL: |  1  2  3  4  5  6 |
---------------+-------------------+-----
Short Blades   | 3 4 5 6 |  6.7
Fighting       | |  2.6
Armour         | |  1.5
Dodging        | |  1.5

Action                     |  1- 3 |  4- 6 || total
---------------------------+-------+-------++-------
  Melee: Short sword       |    90 |    52 ||   142
         Bite              |    24 |    21 ||    45
         Punch             |       |     2 ||     2
 Invoke: Berserk           |     1 |     1 ||     2
  Evoke: Wand              |     2 |       ||     2
    Use: Potion            |       |     1 ||     1
 Armour: Animal skin       |     6 |       ||     6
         Ring mail         |    17 |    28 ||    45
  Dodge: Dodged            |    40 |    27 ||    67

Levels and vault maps discovered:
D:1:      saegor_arrival_simple_a, layout_basic, bh_walls_and_bars
D:2:      layout_rooms, basic_altar
D:3:      layout_basic, dreamdust_ecumenical_altar_sealed_demon,
          minmay_quadrilaterals, uniq_grinder
D:4:      minmay_evil_eye, layout_basic, marbit_many_paths, uniq_natasha,
          uniq_crazy_yiuf_cottage, uniq_sigmund
D:5:      layout_basic, xom_butterflies, uniq_menkaure

Notes
Turn   | Place    | Note
-------+----------+-------------------------------------------
     0 | D:1      | MackTheKnife the Vine Stalker Berserker began the quest for
                  | the Orb.
     0 | D:1      | Reached XP level 1. HP: 11/11 MP: 2/2
     0 | D:1      | magus.rc [v1.9.6]
    87 | D:1      | Reached skill level 3 in Short Blades
   121 | D:1      | Reached XP level 2. HP: 11/16 MP: 3/3
   216 | D:2      | HP: 3/16 [poisoned by an adder]
   323 | D:2      | Reached XP level 3. HP: 18/19 MP: 2/4
   482 | D:3      | Reached skill level 4 in Short Blades
   586 | D:3      | Found a faded altar of an unknown god.
   586 | D:3      | Noticed an orange demon
   612 | D:4      | Noticed Sigmund
   615 | D:4      | Sigmund changed into Sigmund the adder
   615 | D:4      | Noticed Sigmund
   627 | D:4      | Killed Sigmund the adder
   628 | D:4      | Gained mutation: Your natural rate of healing is unusually
                  | fast. [Vine Stalker growth]
   628 | D:4      | Reached XP level 4. HP: 14/23 MP: 3/5
   697 | D:5      | Entered Level 5 of the Dungeon
   737 | D:5      | Reached skill level 5 in Short Blades
   737 | D:5      | Reached XP level 5. HP: 27/27 MP: 3/6
   737 | D:5      | Noticed a black bear
   751 | D:5      | HP: 5/27 [black bear (2)]
   754 | D:5      | Killed a black bear
   755 | D:5      | Reached XP level 6. HP: 6/32 MP: 0/7
   757 | D:5      | Reached skill level 6 in Short Blades
   763 | D:5      | HP: 7/48 [scorpion (3)]
   768 | D:5      | HP: 6/48 [poisoned by a scorpion]
   772 | D:5      | Succumbed to an orc wizard's poison

Vanquished Creatures
  A black bear (D:5)
  A scorpion (D:5)
  3 hounds (D:5)
  A jelly (D:5)
  An orc wizard (D:5)
  5 adders
  2 worms
  2 dart slugs
  2 orcs (D:3)
  A bat (D:1)
  2 endoplasms
  2 hobgoblins
  3 kobolds
  A quokka (D:1)
  3 ball pythons
  2 frilled lizards
  2 rats
34 creatures vanquished.

Table legend:
 A = Non-vault XP
 B = Vault XP
 C = Vault XP percentage of total XP
 D = Non-vault monster count
 E = Vault monster count
 F = Vault count percentage of total count
                 A         B        C        D         E       F
            +---------+---------+-------+---------+---------+-------
      Total |     511 |      18 |   3.4 |      31 |       3 |   8.8
            +---------+---------+-------+---------+---------+-------
        D:1 |      12 |       0 |   0.0 |       6 |       0 |   0.0
        D:2 |      23 |       0 |   0.0 |       7 |       0 |   0.0
        D:3 |      27 |       5 |  15.6 |       6 |       2 |  25.0
        D:4 |      36 |      13 |  26.5 |       5 |       1 |  16.7
        D:5 |     413 |       0 |   0.0 |       7 |       0 |   0.0
            +---------+---------+-------+---------+---------+-------

Skill      XL: |  1  2  3  4  5  6 |
---------------+-------------------+-----
Short Blades   | 3 4 5 6 |  6.7
Fighting       | |  2.6
Armour         | |  1.5
Dodging        | |  1.5

Action                     |  1- 3 |  4- 6 || total
---------------------------+-------+-------++-------
  Melee: Short sword       |    90 |    52 ||   142
         Bite              |    24 |    21 ||    45
         Punch             |       |     2 ||     2
 Invoke: Berserk           |     1 |     1 ||     2
  Evoke: Wand              |     2 |       ||     2
    Use: Potion            |       |     1 ||     1
 Armour: Animal skin       |     6 |       ||     6
         Ring mail         |    17 |    28 ||    45
  Dodge: Dodged            |    40 |    27 ||    67

Illustrated notes

Table legend:
 A = Kills in this place as a percentage of kills in the entire game.
 B = Kills by you in this place as a percentage of kills by you in the entire game.
 C = Kills by friends in this place as a percentage of kills by friends in the entire game.
 D = Other kills in this place as a percentage of other kills in the entire game.
 E = Experience gained in this place as a percentage of experience gained in the entire game.
 F = Experience gained in this place divided by the number of levels of this place that you have seen.
                   A       B       C       D       E      F
               +-------+-------+-------+-------+-------+----------------------
         Total | 100.0 | 100.0 |   N/A |   N/A | 100.0 | 105.8
       Dungeon | 100.0 | 100.0 |   N/A |   N/A | 100.0 | 105.8
               +-------+-------+-------+-------+-------+----------------------

Table legend: (Time is in decaauts)
 A = Elapsed time spent in this place.
 B = Non-inter-level travel time spent in this place.
 C = Inter-level travel time spent in this place.
 D = Time resting spent in this place.
 E = Time spent auto-exploring this place.
 F = Levels seen in this place.
 G = Mean time per level.
                   A        B        C        D        E       F      G
               +--------+--------+--------+--------+--------+-----+--------+
         Total |    748 |    748 |      0 |      0 |      0 |   5 |  149.6 |
       Dungeon |    748 |    748 |      0 |      0 |      0 |   5 |  149.6 |
               +--------+--------+--------+--------+--------+-----+--------+

Top non-repeatable levels by time:
     D:3: 261 daAuts
     D:2: 178 daAuts
     D:1: 156 daAuts
     D:4: 90 daAuts
     D:5: 61 daAuts
